MLB
HOUSTON ASTROS @ TEXAS RANGERS
07/28/2098
 
TOP OF THE 1ST
Houston Astros batting - Pitching for Texas Rangers : RHP Imre Wenner
Pitching: RHP Imre Wenner
Batting: RHB Erik Ellsworth 0-0: Ball
1-0: Called Strike
1-1: Ball
2-1: Ground out U3 (Groundball, 3S, EV 87.5 MPH)
Batting: LHB Ricky Gomez 0-0: Ball
1-0: Ball
2-0: Ground out 4-3 (Groundball, 34, EV 85.6 MPH)
Batting: LHB Alex Perez 0-0: Swinging Strike
0-1: Ball
1-1: Ball
2-1: Ball
3-1: Fly out, F9 (Flyball, 89S, EV 88.1 MPH)
Top of the 1st over - 0 runs, 0 hits, 0 errors, 0 left on base; Houston 0 - Texas 0
BOTTOM OF THE 1ST
Texas Rangers batting - Pitching for Houston Astros : RHP Larry Heinrich
Pitching: RHP Larry Heinrich
Batting: RHB Jason Hartel 0-0: Ball
1-0: Ball
2-0: Foul Ball, location: 9LDF
2-1: Fly out, F9 (Line Drive, 9S, EV 103.8 MPH)
Batting: LHB Simeone DeVito 0-0: Called Strike
0-1: Swinging Strike
0-2: Ball
1-2: Fly out, F9 (Flyball, 9D, EV 91.3 MPH)
Batting: SHB Luis Chavez 0-0: Ball
1-0: Ball
2-0: DOUBLE (Line Drive, 7LM, EV 106.9 MPH)
Batting: RHB Kevin Hock 0-0: Called Strike
0-1: Ball
1-1: Called Strike
1-2: Ball
2-2: Foul Ball, location: 9LMF
2-2: 2-RUN HOME RUN (Flyball, 7LD, EV 97.5 MPH), Distance : 357 ft
Batting: LHB Nick Gunnels 0-0: Ball
1-0: Called Strike
1-1: Ball
2-1: Foul Ball, location: 9LSF
2-2: SINGLE (Flyball, 8LS, EV 96.9 MPH)
Batting: RHB Chris Patrick 0-0: Ball
1-0: Ball
2-0: Ball
3-0: Called Strike
3-1: Called Strike
3-2: Base on Balls
Nick Gunnels to second
Batting: LHB Scott Spencer 0-0: SINGLE (Line Drive, 7S, EV 97.5 MPH)
Nick Gunnels to third
Chris Patrick to second
Runner from 3rd tries for Home, SAFE, throw by LF to home
Batting: LHB Tyler Petry 0-0: Foul Ball, location: 2F
0-1: Ball
1-1: Ball
2-1: Fly out, F7 (Line Drive, 7, EV 103.1 MPH)
Bottom of the 1st over - 3 runs, 4 hits, 0 errors, 2 left on base; Houston 0 - Texas 3
TOP OF THE 2ND
Houston Astros batting - Pitching for Texas Rangers : RHP Imre Wenner
Batting: RHB Jeff Cinnamon 0-0: Ball
1-0: Called Strike
1-1: Called Strike
1-2: Ball
2-2: Ball
3-2: Strikes out swinging
Batting: RHB Kyle Stewart 0-0: Called Strike
0-1: Foul Ball, location: 2F
0-2: Ball
1-2: Strikes out swinging
Batting: RHB Frank Kelsay 0-0: Called Strike
0-1: Ground out 6-3 (Groundball, 6, EV 78.1 MPH)
Top of the 2nd over - 0 runs, 0 hits, 0 errors, 0 left on base; Houston 0 - Texas 3
BOTTOM OF THE 2ND
Texas Rangers batting - Pitching for Houston Astros : RHP Larry Heinrich
Batting: RHB Chris Daly 0-0: Ball
1-0: Foul Ball, location: 9LSF
1-1: Foul Ball, location: 5SF
1-2: Strikes out swinging, 2-3 out at first.
Batting: RHB Jason Hartel 0-0: Called Strike
0-1: Foul Ball, location: 2F
0-2: Foul Ball, location: 2F
0-2: Ball
1-2: Ball
2-2: Foul Ball, location: 2F
2-2: Ball
3-2: Strikes out looking
Batting: LHB Simeone DeVito 0-0: Called Strike
0-1: Ball
1-1: Swinging Strike
1-2: Ball
2-2: Ball
3-2: Foul Ball, location: 5F
3-2: Base on Balls
Batting: SHB Luis Chavez 0-0: Ball
1-0: Swinging Strike
1-1: Fly out, F8 (Flyball, 8LM, EV 93.1 MPH)
Bottom of the 2nd over - 0 runs, 0 hits, 0 errors, 1 left on base; Houston 0 - Texas 3
TOP OF THE 3RD
Houston Astros batting - Pitching for Texas Rangers : RHP Imre Wenner
Batting: LHB Aaron Bruckerhoff 0-0: Ball
1-0: Called Strike
1-1: Foul Ball, location: 5SF
1-2: Ball
2-2: Strikes out looking
Batting: LHB Steve Kuhlman 0-0: Called Strike
0-1: Bunted foul
0-2: Ball
1-2: Ball
2-2: Ball
3-2: Strikes out looking
Batting: RHB Manchu Hu 0-0: Called Strike
0-1: Called Strike
0-2: Fly out, F7 (Flyball, 78M, EV 96.3 MPH)
Top of the 3rd over - 0 runs, 0 hits, 0 errors, 0 left on base; Houston 0 - Texas 3
BOTTOM OF THE 3RD
Texas Rangers batting - Pitching for Houston Astros : RHP Larry Heinrich
Batting: RHB Kevin Hock 0-0: Swinging Strike
0-1: Ball
1-1: Swinging Strike
1-2: Foul Ball, location: 7LSF
1-2: Ball
2-2: Strikes out swinging
Batting: LHB Nick Gunnels 0-0: Called Strike
0-1: Ball
1-1: Fly out, F7 (Flyball, 7, EV 94.4 MPH)
Batting: RHB Chris Patrick 0-0: Called Strike
0-1: Ball
1-1: Fly out, F1 (Line Drive, P, EV 66.9 MPH)
Bottom of the 3rd over - 0 runs, 0 hits, 0 errors, 0 left on base; Houston 0 - Texas 3
TOP OF THE 4TH
Houston Astros batting - Pitching for Texas Rangers : RHP Imre Wenner
Batting: RHB Erik Ellsworth 0-0: Swinging Strike
0-1: Ground out 6-3 (Groundball, 6S, EV 83.8 MPH)
Batting: LHB Ricky Gomez 0-0: Ground out 4-3 (Groundball, 4S, EV 73.1 MPH)
Batting: LHB Alex Perez 0-0: Ball
1-0: Called Strike
1-1: Ground out 6-3 (Groundball, 6, EV 81.9 MPH)
Top of the 4th over - 0 runs, 0 hits, 0 errors, 0 left on base; Houston 0 - Texas 3
BOTTOM OF THE 4TH
Texas Rangers batting - Pitching for Houston Astros : RHP Larry Heinrich
Batting: LHB Scott Spencer 0-0: Called Strike
0-1: Ball
1-1: DOUBLE (Line Drive, 89D, EV 105.6 MPH)
Batting: LHB Tyler Petry 0-0: Foul Ball, location: 2F
0-1: Foul Ball, location: 23FF
0-2: Ball
1-2: Foul Ball, location: 2F
1-2: Ball
2-2: Strikes out swinging
Batting: RHB Chris Daly 0-0: Called Strike
0-1: Ball
1-1: Ground out 4-3 (Groundball, 34, EV 86.9 MPH)
Scott Spencer to third
Batting: RHB Jason Hartel 0-0: Ball
1-0: Ball
2-0: Ball
3-0: Base on Balls
Batting: LHB Simeone DeVito 0-0: Fly out, F6 (Popup, 6S, EV 80.6 MPH)
Bottom of the 4th over - 0 runs, 1 hit, 0 errors, 2 left on base; Houston 0 - Texas 3
TOP OF THE 5TH
Houston Astros batting - Pitching for Texas Rangers : RHP Imre Wenner
Batting: RHB Jeff Cinnamon 0-0: Called Strike
0-1: Ball
1-1: Foul Ball, location: 23F
1-2: Ball
2-2: Ball
3-2: Foul Ball, location: 2F
3-2: Strikes out swinging
Batting: RHB Kyle Stewart 0-0: SINGLE (Groundball, 2L, EV 63.1 MPH) (infield hit)
Batting: RHB Frank Kelsay 0-0: Ball
1-0: Ball
2-0: Called Strike
2-1: DOUBLE (Line Drive, 78D, EV 108.8 MPH)
Kyle Stewart to third
Runner from 3rd tries for Home, SAFE, throw by LF to trailing runner, OUT at third! 7-3-5
Batting: LHB Aaron Bruckerhoff 0-0: Foul Ball, location: 7LMF
0-1: Ball
1-1: SINGLE (Groundball, 56, EV 103.8 MPH) (infield hit)
Batting: LHB Steve Kuhlman 0-0: Ball
1-0: Ball
2-0: Ball
3-0: Called Strike
3-1: Called Strike
3-2: 2-RUN HOME RUN (Flyball, 89XD, EV 99.4 MPH), Distance : 389 ft
Batting: RHB Manchu Hu 0-0: Called Strike
0-1: Ball
1-1: Swinging Strike
1-2: Strikes out swinging
Top of the 5th over - 3 runs, 4 hits, 0 errors, 0 left on base; Houston 3 - Texas 3
BOTTOM OF THE 5TH
Texas Rangers batting - Pitching for Houston Astros : RHP Larry Heinrich
Batting: SHB Luis Chavez 0-0: Ball
1-0: Ground out 6-3 (Groundball, 6M, EV 86.3 MPH)
Batting: RHB Kevin Hock 0-0: Called Strike
0-1: SINGLE (Popup, 6MD, EV 70.6 MPH)
Batting: LHB Nick Gunnels 0-0: Called Strike
0-1: Ball
1-1: Fly out, F3 (Popup, 3S, EV 80.6 MPH)
Batting: RHB Chris Patrick 0-0: Called Strike
0-1: Swinging Strike
0-2: Ball
1-2: Fielders Choice at 2nd, 5-4 (Groundball, 56, EV 90.0 MPH)
Bottom of the 5th over - 0 runs, 1 hit, 0 errors, 1 left on base; Houston 3 - Texas 3
TOP OF THE 6TH
Houston Astros batting - Pitching for Texas Rangers : RHP Imre Wenner
Batting: RHB Erik Ellsworth 0-0: Ball
1-0: Ball
2-0: Ball
3-0: Base on Balls
Batting: LHB Ricky Gomez 0-0: Ball
1-0: Called Strike
1-1: Ground out 4-3 (Groundball, 34, EV 99.4 MPH)
Erik Ellsworth to second
Batting: LHB Alex Perez 0-0: Called Strike
0-1: Ball
1-1: Called Strike
1-2: Strikes out swinging
Batting: RHB Jeff Cinnamon 0-0: Foul Ball, location: 2F
0-1: Ball
1-1: Called Strike
1-2: Strikes out swinging
Top of the 6th over - 0 runs, 0 hits, 0 errors, 1 left on base; Houston 3 - Texas 3
BOTTOM OF THE 6TH
Texas Rangers batting - Pitching for Houston Astros : RHP Larry Heinrich
Pitching: RHP Vince Geiger
Batting: LHB Scott Spencer 0-0: Ball
1-0: Ball
2-0: Ground out 4-3 (Groundball, 4, EV 106.3 MPH)
Batting: LHB Tyler Petry 0-0: Called Strike
0-1: Called Strike
0-2: Ball
1-2: Ball
2-2: Strikes out swinging
Batting: RHB Chris Daly 0-0: Called Strike
0-1: Ball
1-1: Ball
2-1: Ball
3-1: Fly out, F8 (Flyball, 78D, EV 98.8 MPH)
Bottom of the 6th over - 0 runs, 0 hits, 0 errors, 0 left on base; Houston 3 - Texas 3
TOP OF THE 7TH
Houston Astros batting - Pitching for Texas Rangers : RHP Imre Wenner
Pitching: RHP Victor Luna
Batting: RHB Kyle Stewart 0-0: Called Strike
0-1: Ball
1-1: Called Strike
1-2: Foul Ball, location: 25F
1-2: SINGLE (Groundball, 3D, EV 94.4 MPH)
Batting: RHB Frank Kelsay 0-0: Ball
1-0: Swinging Strike
1-1: Fly out, F3 (Popup, 3, EV 59.4 MPH)
Batting: LHB Aaron Bruckerhoff 0-0: Ball
1-0: Fielders Choice at 2nd, 1-6 (Groundball, 13S, EV 67.5 MPH)
Batting: LHB Steve Kuhlman 0-0: Called Strike
0-1: Called Strike
Aaron Bruckerhoff steals 2nd base
0-2: Ball
1-2: Ball
2-2: Ball
3-2: Base on Balls
Batting: RHB Manchu Hu 0-0: Foul Ball, location: 2F
0-1: SINGLE (Groundball, 6MD, EV 105.0 MPH)
Aaron Bruckerhoff to third
Steve Kuhlman to second
Runner from 3rd tries for Home, SAFE, throw by CF to home
Batting: RHB Erik Ellsworth 0-0: Foul Ball, location: 3SF
0-1: Foul Ball, location: 2F
0-2: Ball
1-2: Fly out, F8 (Flyball, 8LS, EV 80.6 MPH)
Top of the 7th over - 1 run, 2 hits, 0 errors, 2 left on base; Houston 4 - Texas 3
BOTTOM OF THE 7TH
Texas Rangers batting - Pitching for Houston Astros : RHP Vince Geiger
Batting: RHB Jason Hartel 0-0: Called Strike
0-1: Ball
1-1: Foul Ball, location: 2RF
1-2: Ball
2-2: Ball
3-2: Foul Ball, location: 9LSF
3-2: Foul Ball, location: 9LDF
3-2: Ground out 5-3 (Groundball, 56, EV 85.0 MPH)
Batting: LHB Simeone DeVito 0-0: Ball
1-0: Called Strike
1-1: Ball
2-1: Fly out, F9 (Line Drive, 89M, EV 88.8 MPH)
Batting: SHB Luis Chavez 0-0: Called Strike
0-1: TRIPLE (Line Drive, 78XD, EV 100.0 MPH)
Pitching: RHP Josh Jones
Batting: RHB Kevin Hock 0-0: Called Strike
0-1: Ball
1-1: Foul Ball, location: 9LSF
1-2: Ball
2-2: Foul Ball, location: 2F
2-2: Foul Ball, location: 2F
2-2: Ball
3-2: Strikes out swinging
Bottom of the 7th over - 0 runs, 1 hit, 0 errors, 1 left on base; Houston 4 - Texas 3
TOP OF THE 8TH
Houston Astros batting - Pitching for Texas Rangers : RHP Victor Luna
Pitching: LHP Ryan Zeiher
Batting: LHB Ricky Gomez 0-0: Foul Ball, location: 2F
0-1: Swinging Strike
0-2: Strikes out swinging
Batting: RHB Matt Carocci 0-0: Called Strike
0-1: Ball
1-1: SINGLE (Flyball, 56D, EV 90.6 MPH)
Batting: RHB Jeff Cinnamon 0-0: Ball
1-0: Foul Ball, location: 9LSF
1-1: Foul Ball, location: 5DF
1-2: Foul Ball, location: 25F
1-2: Strikes out swinging
Batting: RHB Kyle Stewart 0-0: Ball
1-0: Foul Ball, location: 2LF
1-1: Ball
2-1: Ball
3-1: Fly out, F8 (Flyball, 89S, EV 96.9 MPH)
Top of the 8th over - 0 runs, 1 hit, 0 errors, 1 left on base; Houston 4 - Texas 3
BOTTOM OF THE 8TH
Texas Rangers batting - Pitching for Houston Astros : RHP Josh Jones
Batting: LHB Nick Gunnels 0-0: Ball
1-0: Ground out 1-3 (Groundball, 15, EV 63.1 MPH)
Batting: RHB Chris Patrick 0-0: Ball
1-0: Foul Ball, location: 9LDF
1-1: DOUBLE (Flyball, 8LXD, EV 96.3 MPH)
Batting: LHB Scott Spencer 0-0: Ball
1-0: Foul Ball, location: 2F
1-1: Ball
2-1: SINGLE (Flyball, 78S, EV 92.5 MPH)
Chris Patrick to third
Batting: LHB Tyler Petry 0-0: Called Strike
0-1: Called Strike
0-2: Fly out, F8 (Line Drive, 78M, EV 93.1 MPH)
Runner from 3rd tags up, SCORES, throw by CF
Batting: RHB Chris Daly 0-0: Ball
1-0: Foul Ball, location: 23FF
1-1: Called Strike
1-2: Ball
2-2: Ball
3-2: Fly out, F7 (Flyball, 78D, EV 96.3 MPH)
Bottom of the 8th over - 1 run, 2 hits, 0 errors, 1 left on base; Houston 4 - Texas 4
TOP OF THE 9TH
Houston Astros batting - Pitching for Texas Rangers : LHP Ryan Zeiher
Batting: RHB Frank Kelsay 0-0: Foul Ball, location: 2F
0-1: Ball
1-1: Ground out 5-3 (Groundball, 56S, EV 85.6 MPH)
Pinch Hitting: RHB Sterling Lentz 0-0: Ball
1-0: DOUBLE (Flyball, 89XD, EV 99.4 MPH)
Batting: LHB Steve Kuhlman 0-0: Ball
1-0: SINGLE (Line Drive, 4MD, EV 105.6 MPH)
Sterling Lentz to third
Runner from 3rd tries for Home, SAFE, throw by CF to home
Batting: RHB Manchu Hu 0-0: Called Strike
0-1: Ball
1-1: Ball
2-1: Called Strike
2-2: Ball
3-2: Strikes out looking
Pitching: RHP Kelyn Norlander
Batting: RHB Erik Ellsworth 0-0: Called Strike
0-1: Fly out, F8 (Line Drive, 8RS, EV 98.8 MPH)
Top of the 9th over - 1 run, 2 hits, 0 errors, 1 left on base; Houston 5 - Texas 4
BOTTOM OF THE 9TH
Texas Rangers batting - Pitching for Houston Astros : RHP Josh Jones
Pitching: RHP Guillermo Padron
Now at 2B: Josh Otis
Now in LF: Steve Kuhlman
Now in CF: Sterling Lentz
Batting: RHB Jason Hartel 0-0: Ball
1-0: Called Strike
1-1: Swinging Strike
1-2: Strikes out swinging
Batting: LHB Simeone DeVito 0-0: Called Strike
0-1: Foul Ball, location: 2F
0-2: Ball
1-2: Ball
2-2: Ball
3-2: Fly out, F7 (Flyball, 7LS, EV 98.1 MPH)
Batting: SHB Luis Chavez 0-0: Ground out 6-3 (Groundball, 56, EV 83.8 MPH)
Bottom of the 9th over - 0 runs, 0 hits, 0 errors, 0 left on base; Houston 5 - Texas 4
Thursday, April 11th , 2024 - OOTP Baseball 24.11 Build 85